 Dungeon Crawl Stone Soup version 0.28.0-43-g3370ac3207 (webtiles) character file.

Game seed: 4470332027171603113

15 Zeld the Gusty (level 2, -4/15 HPs)
             Began as a Tengu Air Elementalist on Apr 1, 2022.
             Slain by Natasha (9 damage)
             ... on level 1 of the Dungeon.
             The game lasted 00:02:36 (951 turns).

Zeld the Gusty (Tengu Air Elementalist)              Turns: 951, Time: 00:02:37

Health: -4/15      AC:  2    Str:  8    XL:     2   Next: 50%
Magic:  0/6        EV: 12    Int: 15    God:
Gold:   13         SH:  0    Dex: 14    Spells: 4/5 levels left

rFire   . . .      SeeInvis +   (no weapon)
rCold   . . .      Faith    .   (no shield)
rNeg    . . .      Spirit   .   a - +0 robe
rPois   .          Reflect  .   (helmet restricted)
rElec   .          Harm     .   (no cloak)
rCorr   .          Rampage  .   (no gloves)
Will    .....                   (boots unavailable)
Stlth   ++........              (no amulet)
HPRegen 0.05/turn               b - ring of see invisible
MPRegen 0.10/turn               (no ring)

@: no status effects
A: beak, talons 3
a: no special abilities


You were on level 1 of the Dungeon.
You visited 1 branch of the dungeon, and saw 2 of its levels.

You collected 13 gold pieces.

Inventory:

Armour
 a - a +0 robe (worn)
Jewellery
 b - a ring of see invisible (left hand)
Scrolls
 c - a scroll of magic mapping {unknown}
 d - a scroll of teleportation {unknown}
 e - a scroll of noise {unknown}
 g - a scroll of blinking {unknown}
Potions
 f - a potion of mutation {unknown}


   Skills:
 + Level 2.3 Dodging
 + Level 2.1 Stealth
 * Level 2.3 Spellcasting
 + Level 1.7 Conjurations
 * Level 4.3 Air Magic


You had 4 spell levels left.
You knew the following spells:

 Your Spells              Type           Power      Damage    Failure   Level
a - Shock                 Conj/Air       40%        1d5       6%          1

Your spell library contained the following spells:

 Spells                   Type           Power      Damage    Failure   Level
 Static Discharge         Conj/Air       10%        N/A       10%         2
 Swiftness                Air            14%        N/A       11%         3
 Airstrike                Air            7%         N/A       34%         4


Dungeon Overview and Level Annotations

Branches:
Dungeon (2/15)

Altars:

Annotations:
D:1 Natasha


Innate Abilities, Weirdness & Mutations

You have a beak for a mouth.
You have claws for feet.


Message History

You hit the worm. Your kick misses the worm.
The worm is severely wounded.
The worm bites you.
You hit the worm but do no damage. Your kick misses the worm.
The worm is severely wounded.
Natasha casts a spell.
The kobold throws a stone.
The stone barely misses you.
Natasha howls an incantation.
You feel disoriented.
The kobold throws a stone.
The stone barely misses you.
There is a stone staircase leading up here.
Unknown command.
Casting: Shock (safe; 6% risk of failure)
Confirm with . or Enter, or press ? or * to list all spells.
Aiming: Shock (safe; 6% risk of failure)
Press: ? - help, Shift-Dir - straight line, f/p - worm
Aim: a worm (heavily wounded, 89% to hit)
The zap hits the worm.
The worm is heavily wounded.
The kobold throws a stone.
The stone misses you. Natasha claws you.
You climb upwards.
The shadow imp disappears in a puff of smoke!
There is a stone staircase leading down here.
Level annotation: Natasha Welcome back, Zeld the Tengu Air Elementalist.
Press ? for a list of commands and other information.
Search for what [? for help]? armor
Casting: Shock (safe; 6% risk of failure)
Confirm with . or Enter, or press ? or * to list all spells.
Aiming: Shock (safe; 6% risk of failure)
Press: ? - help, Shift-Dir - straight line, f - Natasha
Aim: Natasha (60% to hit)
The zap hits Natasha.
Natasha is lightly wounded.
Natasha closely misses you.
Unknown command.
Natasha claws you!
Ouch! That really hurt!
You die...

########## #......#.#
#......#.# #......#.#
#......#@################
#......#h................
#.....)...............###
######................'.#
#................##.
#...................
####.....###.....(.....
#..........###.).......
######
#...##'#####.###.....##


You could see Natasha.

Vanquished Creatures
  An endoplasm (D:1)
  A goblin (D:1)
  3 hobgoblins
  3 ball pythons (D:1)
  3 bats (D:1)
  A frilled lizard (D:1)
  A kobold (D:2)
  A rat (D:1)
14 creatures vanquished.

Notes
Turn   | Place    | Note
-------+----------+-------------------------------------------
     0 | D:1      | Zeld the Tengu Air Elementalist began the quest for the
                  | Orb.
     0 | D:1      | Reached XP level 1. HP: 10/10 MP: 4/4
   318 | D:1      | Found a faded altar of an unknown god.
   455 | D:1      | Reached XP level 2. HP: 15/15 MP: 4/6
   937 | D:2      | Noticed Natasha
   951 | D:1      | Slain by Natasha

Illustrated notes

Levels and vault maps discovered:
D:1:      dpeg_chamrin_arrival_tetris, layout_basic,
          hellmonk_ecumenical_altar_zigzags, hangedman_decor_peaks_small,
          kennysheep_another_room, minmay_misc_feat_tiny
D:2:      layout_rooms, serial_shops, shop, chequers_serial_rivers_micro_b,
          uniq_natasha

Action                   || total
-------------------------++-------
Melee: Unarmed           ||     5
       Peck              ||     1
 Cast: Shock             ||    35
Dodge: Dodged            ||     7
